 Dungeon Crawl Stone Soup version 0.21-a0-221-gfe971b9 (webtiles) character file.

421360 Leszczynek the Brawler (level 22, -9/278 HPs)
             Began as a Troll Skald on Aug 25, 2017.
             Was the Champion of Makhleb.
             Killed from afar by a shadow dragon (21 damage)
             ... with a bolt of negative energy
             ... on level 5 of the Vaults on Aug 26, 2017.
             The game lasted 03:47:57 (28697 turns).

Leszczynek the Brawler (Troll Skald)               Turns: 28697, Time: 03:47:57

Health: -9/278     AC: 24    Str: 25    XL:     22   Next: 34%
Magic:  26/28      EV: 17    Int: 15    God:    Makhleb [******]
Gold:   2106       SH: 15    Dex: 11    Spells: 0/31 levels left

rFire    . . .     SeeInvis .     - Unarmed
rCold    . . .     Gourm    +   t - +0 shield
rNeg     + . .     Faith    .   (armour currently unavailable)
rPois    ∞         Spirit   .   z - +2 hat
rElec    +         Reflect  +   U - scarf {repulsion}
rCorr    .         Harm     .   (gloves unavailable)
MR       +++..                  (boots unavailable)
Stlth    ++........             H - +3 amulet of reflection
HPRegen  0.96/turn              N - +3 ring of evasion
MPRegen  0.21/turn              Z - ring of the Mage {Wiz MR++ Int+3}

@: statue-form, corroded, drained, repel missiles, very slow
A: unfitting armour, beak, claws 3, camouflage 1, dopey 1, fast metabolism 3,
gourmand, mutation resistance 1, regeneration 1
}: 3/15 runes: barnacled, silver, gossamer
a: End Transformation, Minor Destruction, Lesser Servant of Makhleb, Major
Destruction, Greater Servant of Makhleb, Renounce Religion


You were on level 5 of the Vaults.
You worshipped Makhleb.
Makhleb was exalted by your worship.
You were very full.
You were a stone statue.
You visited 9 branches of the dungeon, and saw 43 of its levels.
You visited the Abyss 4 times.
You visited 1 bazaar.
You also visited: Labyrinth, Ice Cave and Wizlab.

You collected 4880 gold pieces.
You spent 2774 gold pieces at shops.

Inventory:

Hand Weapons
 b - a +4 scimitar of flaming {Hydraslayer}
 c - a +5 blowgun
Missiles
 I - 2 needles of confusion
 J - 76 large rocks (quivered)
 M - 8 throwing nets
Armour
 r - a +0 large shield
 t - a +0 shield (worn)
 z - a +2 hat (worn)
 F - a +0 troll leather armour (melded)
 U - a scarf of repulsion (worn)
Jewellery
 n - the amulet of Obuahisch {+Rage MR+ Str+4}
   (You took it off a tengu reaver on level 5 of the Vaults)

   [amulet of rage]

   It affects your strength (+4).
   It affects your resistance to hostile enchantments.
   It lets you go berserk.
 x - an uncursed ring of positive energy
 C - an uncursed ring of protection from cold
 H - a +3 amulet of reflection (around neck)
 N - a +3 ring of evasion (left claw)
 W - an uncursed ring of ice
 Z - the ring of the Mage (right claw) {Wiz MR++ Int+3}
   (You took it off a deep elf death mage on level 3 of the Elven Halls)

   [ring of wizardry]

   It improves your spell success rate.
   It affects your intelligence (+3).
   It affects your resistance to hostile enchantments.
Wands
 k - a wand of confusion (29/48)
 E - a wand of acid (3/15)
 V - a wand of digging (10/24)
 X - a wand of paralysis (9/24)
Scrolls
 e - 20 scrolls of remove curse {@r2}
 h - 2 scrolls of recharging
 l - 15 scrolls of teleportation
 q - 4 scrolls of identify {@r1}
 v - 9 scrolls of magic mapping
 R - a scroll of enchant armour
 S - 5 scrolls of fear
 T - 3 scrolls of fog
 Y - a scroll of summoning
Potions
 f - 2 potions of resistance
 g - 2 potions of agility
 j - 6 potions of mutation {!q}
 u - 5 potions of flight
 y - a potion of brilliance
 D - 4 potions of haste
 G - 8 potions of ambrosia
 K - 3 potions of cancellation
 O - 2 potions of magic
 P - 3 potions of curing {@q1}
Books
 L - a book of Spatial Translocations

   Spells                             Type                      Level
   a - Blink                          Translocation                2
   b - Shroud of Golubria             Charms/Translocation         2
   c - Lesser Beckoning               Translocation                3
   d - Gell's Gravitas                Translocation                3
   e - Teleport Other                 Translocation                3
   f - Passage of Golubria            Translocation                4
Miscellaneous
 a - a sack of spiders
 i - 4 phantom mirrors
 o - a phial of floods
 s - 3 boxes of beasts
 w - a lamp of fire (inert)
 A - a fan of gales
 B - a lightning rod (4/4)
Comestibles
 d - 22 bread rations
 m - 15 meat rations
 p - 30 royal jellies
 Q - 14 chunks of flesh


   Skills:
 - Level 12.0(11.3) Fighting
 - Level 4.5(3.8) Armour
 - Level 10.4(9.7) Dodging
 * Level 11.1(10.3) Shields
 - Level 18.0(17.2) Unarmed Combat
 - Level 5.2(4.5) Spellcasting
 - Level 5.1(4.5) Conjurations
 - Level 4.4(3.8) Charms
 + Level 7.4(6.8) Necromancy
 - Level 8.4(7.7) Translocations
 - Level 12.0(11.3) Transmutations
 - Level 15.0(14.2) Earth Magic
 - Level 7.7(7.0) Invocations


You couldn't memorise any spells.
You knew the following spells:

 Your Spells              Type           Power        Failure   Level  Hunger
a - Statue Form           Tmut/Erth      #####....    6%          6    #######
b - Irradiate             Conj/Tmut      ####......   8%          5    ######.
c - Aura of Abjuration    Summ           #.........   86%         5    ######.
d - Song of Slaying       Chrm           ##......     2%          2    ##.....
e - Passage of Golubria   Tloc           N/A          2%          4    ####...
f - Summon Butterflies    Summ           #.......     7%          1    None
g - Passwall              Tmut/Erth      #####.....   1%          2    ##.....
q - Regeneration          Chrm/Necr      ###.......   2%          3    ###....
A - Apportation           Tloc           ####..       1%          1    None
B - Blink                 Tloc           N/A          1%          2    ##.....


Dungeon Overview and Level Annotations

Branches:
Dungeon (15/15)            Temple (1/1) D:7            Lair (6/6) D:9
 Shoals (4/4) Lair:4       Spider (4/4) Lair:3        Slime (0/5) Lair:6
    Orc (2/2) D:10            Elf (3/3) Orc:2        Vaults (5/5) D:14
  Crypt (3/3) Vaults:3
   Tomb: Crypt:3     Depths: D:15

Altars:
Ashenzari
Fedhas
Gozag
Hepliaklqana
Makhleb
Vehumet
Xom
Beogh
Jiyva

Shops:
D:12 *   D:13 (   Orc:1 *   Orc:2 *(:[   Vaults:3 %

Annotations:
D:5 orc warrior with a shield
D:7 troll
D:8 2ho
D:9 exclusion: oklob sapling
D:13 (scarf, 2 rings, pot, ?tp, gold; depths level)
D:14 exclusion: wizard
D:15 lightning rod, exclusion: obsidian statue
Lair:4 exclusion: upstairs
Lair:6 unknown book
Shoals:1 kraken east of entrance
Shoals:3 Mara!
Spider:3 exclusion: downstairs
Spider:4 Leszczynek's ghost, journeyman TrSk
Orc:2 exclusion: upstairs


Innate Abilities, Weirdness & Mutations

You are too large for most types of armour.
You have claws for hands.
Your metabolism is lightning-fast.
You like to eat raw meat.
Your natural rate of healing is unusually fast.
((You are covered in fur. (AC +1)))
((You have very tough skin. (AC +2)))
You have a beak for a mouth.
Your skin changes colour to match your surroundings (Stealth+).
You are dopey. (Int -2)
You are somewhat resistant to further mutation.


Message History

The shadow dragon misses you.
Unknown command.
Unknown command.
Unknown command.
You eviscerate the shadow dragon!!! You peck the shadow dragon.
The shadow dragon is moderately wounded.
You hear a shout! x2
The shadow dragon breathes negative energy at you.
The bolt of negative energy misses you.
You eviscerate the shadow dragon!!!
The shadow dragon is severely wounded.
You hear a shout!
The shadow dragon bites you but does no damage.
The shadow dragon barely misses you.
The shadow dragon claws you but does no damage.
You completely miss the shadow dragon.
The shadow dragon is severely wounded.
The shadow dragon breathes negative energy at you.
The bolt of negative energy hits you! You partially resist.
You feel drained.
You die...

#######..,#########..#....#......
:.....#,,,#....%..#..#....#..####
......#,,,#.....[.#..#....#..#,,,
......#,,,#.†.....#..#....#..#,,,
......#####††.....#..#..,,#..#,,,
..................#..#,,,,#..####
######.....########(.#,,,,*,,....
.....#.....#.........#,,,,*,,....
.....#..........8D.(.#,,,,*,,....
.....#.....#.........#,,,,#......
######.....########[)#....#......
......(...........#(.#....#..####
......#####.......#)(#....#..#...
......#...#......)#).#....#..#...
......#...#......"#))#....#..#...
......#...#....).:#[)#....#..####
#######...#########)(#....#......


You could see a shadow dragon.

Vanquished Creatures
  4 ancient liches
  Boris (Crypt:2)
  A bone dragon (Crypt:3)
  4 liches
  A quicksilver dragon (Vaults:5)
  A titan (Vaults:5)
  2 deep elf master archers (Elf:3)
  2 deep elf blademasters (Elf:3)
  A kraken (Shoals:4)
  A tentacled starspawn (Abyss:2)
  A sphinx (Vaults:5)
  4 shadow dragons (Vaults:5)
  3 ancient champions
  2 storm dragons
  A tengu reaver (Vaults:5)
  4 revenants
  Donald (Vaults:1)
  3 frost giants
  A fire giant (shapeshifter) (Vaults:3)
  7 emperor scorpions
  A ghost moth (shapeshifter) (Vaults:5)
  3 ghost moths (Spider:4)
  14 vault wardens
  2 fire giants
  An iron dragon (Vaults:5)
  4 deep elf sorcerers
  A curse skull (Crypt:3)
  An orc warlord (Orc:2)
  6 ghouls
  5 deep elf elementalists
  The ghost of Gorglomux the Severer, a journeyman HOEE of Okawaru (D:13)
  3 war gargoyles (Vaults:5)
  9 stone giants
  5 very ugly things (Vaults:5)
  16 ironheart preservers
  A vampire knight (Crypt:2)
  14 deep elf demonologists
  An entropy weaver (Spider:4)
  14 deep elf annihilators (Elf:3)
  A white draconian (IceCv)
  A dire elephant (Lair:6)
  A spark wasp (shapeshifter) (Vaults:5)
  Snorg (Lair:3)
  2 eidola
  13 deep elf death magi
  2 blizzard demons (Abyss:2)
  2 fire dragons
  4 ettins
  A jiangshi (Vaults:3)
  6 merfolk impalers
  Harold (D:11)
  5 ogre magi
  6 deep elf high priests
  A great orb of eyes (Vaults:2)
  22 vault guards
  17 yaktaur captains
  An ice dragon (Vaults:3)
  5 rakshasas
  2 merfolk avatars
  5 hydras
  An anaconda (Lair:6)
  A merfolk aquamancer (Shoals:4)
  11 centaur warriors
  A satyr (Shoals:3)
  12 two-headed ogres
  Erica (Lair:1)
  10 dancing weapons
  6 death yaks
  2 death knights
  2 tengu warriors
  A vampire mage (Crypt:2)
  2 deep troll earth magi
  2 orc high priests
  6 thrashing horrors
  2 deep troll shamans (Vaults:5)
  12 deep elf knights
  3 soul eaters
  2 wretched stars
  Nergalle (Lair:1)
  2 shadow wraiths
  24 skeletal warriors
  4 sixfirhies
  A golden dragon zombie (Crypt:2)
  A spatial maelstrom (Abyss:3)
  A wizard (Vaults:3)
  3 flayed ghosts
  4 unseen horrors
  16 deep elf archers
  2 glowing orange brains (WizLab)
  4 sea snakes
  8 deep trolls
  3 phantasmal warriors
  A lindwurm (Lair:4)
  9 orc knights
  9 harpies
  11 ironbrand convokers
  A sphinx zombie (Crypt:2)
  10 orb spiders
  A tengu skeleton (Vaults:2)
  6 necromancers
  42 deep elf magi
  6 manticores
  2 oklob plants (Lair:1)
  A fire giant zombie (Vaults:2)
  7 cyclopes
  2 orc sorcerers (Orc:2)
  11 wolf spiders
  42 ugly things
  A stone giant zombie (Vaults:4)
  2 fauns (Shoals:1)
  Maurice (D:11)
  An ice statue (IceCv)
  A worldbinder (Abyss:3)
  2 rust devils
  8 vault sentinels
  5 human skeletons
  4 black mambas
  4 elephants (Lair:6)
  6 water nymphs
  4 merfolk sirens
  A guardian serpent (shapeshifter) (Vaults:3)
  Psyche (D:12)
  2 centaur skeletons
  An eye of devastation (WizLab)
  A yaktaur zombie (Vaults:3)
  5 smoke demons
  A white draconian zombie (Crypt:1)
  3 kobold demonologists
  5 spiny frogs
  27 yaktaurs
  2 rime drakes
  An efreet (Abyss:3)
  9 demonic crawlers
  A sea snake zombie (Crypt:2)
  An ice devil (Abyss:2)
  5 komodo dragons
  A purple draconian skeleton (Crypt:3)
  3 freezing wraiths
  A tengu conjurer (Shoals:3)
  2 ancient zymes
  4 wind drakes
  2 guardian mummies (Crypt:1)
  3 meliai (Lair:4)
  19 merfolk
  11 trolls
  A troll (shapeshifter) (Vaults:2)
  12 jumping spiders
  A queen bee (Lair:4)
  19 polar bears
  4 hornets
  15 blink frogs
  2 raiju
  A stone giant simulacrum (Vaults:3)
  7 dream sheep
  9 hippogriffs
  5 slime creatures
  2 human simulacra
  8 snapping turtles
  10 flying skulls
  A shadow (Crypt:2)
  2 wraiths
  An air elemental (Elf:1)
  9 large abominations
  An ettin skeleton (Crypt:2)
  30 redbacks
  8 water elementals
  2 ynoxinuls (Abyss:2)
  51 yaks
  17 tarantellas
  A wyvern (D:12)
  A vampire (D:14)
  A basilisk (Lair:1)
  2 fire elementals
  A golden eye (shapeshifter) (Vaults:3)
  3 neqoxecs (Abyss:3)
  3 vampire mosquitoes (D:12)
  A spatial vortex (Abyss:3)
  A hungry ghost (D:12)
  A warg (Vaults:2)
  A faun zombie (Crypt:2)
  A soldier ant (shapeshifter) (Vaults:3)
  2 acid dragons
  11 water moccasins
  2 hell hounds (D:9)
  5 porcupines
  15 ice beasts
  A water moccasin (shapeshifter) (Vaults:2)
  A merfolk skeleton (Crypt:2)
  3 human zombies
  5 sky beasts
  17 starcursed masses
  A black bear (D:10)
  34 orc warriors
  A phantom (D:13)
  2 necrophages
  An ettin simulacrum (Crypt:2)
  An eye of draining (Abyss:2)
  19 wolves
  23 ogres
  32 centaurs
  4 crocodiles
  6 big kobolds
  13 bullfrogs
  A water moccasin zombie (Crypt:2)
  3 earth elementals
  A glowing shapeshifter simulacrum (Vaults:4)
  A scorpion (D:7)
  7 small abominations
  15 killer bees (Lair:4)
  A raiju zombie (Crypt:1)
  An oklob sapling (D:9)
  12 wights
  A howler monkey (D:10)
  5 crimson imps
  2 bullfrog zombies (D:13)
  4 centaur zombies
  4 bullfrog skeletons
  5 hounds
  2 jellies
  20 orc wizards
  15 orc priests
  An iron imp (Abyss:2)
  A porcupine zombie (Crypt:1)
  8 worker ants
  A bullfrog simulacrum (D:13)
  An ogre skeleton (Crypt:2)
  3 mummies (Crypt:1)
  A howler monkey zombie (D:5)
  3 worker ant zombies
  3 gnolls (Orc:1)
  11 adders
  2 shadow imps
  An ufetubus (D:15)
  An adder skeleton (D:7)
  An adder zombie (D:9)
  7 dart slugs
  2 worms
  2 leopard geckos (D:9)
  76 orcs
  A giant cockroach (D:6)
  A goblin (D:1)
  2 hobgoblins (D:3)
  2 jackals (D:11)
  7 ball pythons
  2 frilled lizards (D:5)
  11 kobolds
  A leopard gecko skeleton (D:9)
  A leopard gecko zombie (D:6)
  A quokka skeleton (D:9)
  A quokka zombie (D:7)
  4 rats
  A crawling corpse (Elf:3)
  A fungus (Lair:6)
  7 plants
  4 tentacles (Shoals:4)
1415 creatures vanquished.

Vanquished Creatures (collateral kills)
  Aizul (Vaults:1)
  A vault warden (Vaults:2)
  3 dire elephants (Lair:6)
  A merfolk impaler (Shoals:2)
  An ettin (Vaults:1)
  A minotaur (Lab)
  4 hydras
  A two-headed ogre (Vaults:2)
  A merfolk aquamancer (Shoals:2)
  A merfolk avatar (Shoals:4)
  2 ironbrand convokers (Vaults:2)
  An orc knight (Orc:2)
  An orb spider (Spider:4)
  An orc sorcerer (Orc:2)
  A cyclops (Vaults:2)
  A vault sentinel (Vaults:2)
  2 merfolk sirens (Shoals:4)
  A komodo dragon (Lair:1)
  A yaktaur (Vaults:1)
  A troll (Orc:2)
  4 merfolk (Shoals:2)
  A jumping spider (Spider:4)
  2 blink frogs (Lair:1)
  A redback (Spider:4)
  A shadow (D:14)
  A tarantella (Spider:4)
  A warg (Orc:2)
  2 water moccasins
  2 orc warriors (Orc:2)
  A killer bee (Lair:4)
  An iron imp (Abyss:2)
  A hound (D:12)
  An orc priest (Orc:2)
  2 orc wizards (Orc:2)
  5 orcs (Orc:2)
  2 plants
55 creatures vanquished.

Vanquished Creatures (others)
  An ironheart preserver (Vaults:5)
  A deep elf mage (Elf:1)
  A flying skull (Abyss:2)
  A small abomination (Abyss:2)
  An orc priest (Elf:1)
  An orc wizard (Elf:1)
  3 fungi
  12 plants
  4 starspawn tentacles
  14 tentacles
39 creatures vanquished.

Grand Total: 1509 creatures vanquished

Notes
Turn   | Place    | Note
-------+----------+-------------------------------------------
     0 | D:1      | Leszczynek the Troll Skald began the quest for the Orb.
     0 | D:1      | Reached XP level 1. HP: 19/19 MP: 1/1
   105 | D:2      | Reached skill level 3 in Unarmed Combat
   105 | D:2      | Reached XP level 2. HP: 21/27 MP: 2/2
   108 | D:2      | Learned a level 1 spell: Beastly Appendage
   184 | D:3      | Reached XP level 3. HP: 33/33 MP: 3/3
   209 | D:4      | Found a blossoming altar of Fedhas.
   209 | D:4      | Found a shimmering altar of Xom.
   269 | D:3      | Learned a level 2 spell: Shroud of Golubria
   336 | D:5      | Entered Level 5 of the Dungeon
   343 | D:4      | Reached skill level 4 in Unarmed Combat
   396 | D:5      | Reached XP level 4. HP: 37/41 MP: 4/4
   434 | D:5      | Reached skill level 5 in Unarmed Combat
   440 | D:5      | Reached XP level 5. HP: 38/48 MP: 5/5
   634 | D:5      | Reached skill level 6 in Unarmed Combat
   709 | D:5      | Noticed a centaur
   717 | D:5      | Killed a centaur
   717 | D:5      | Reached XP level 6. HP: 28/55 MP: 3/6
   735 | D:5      | Noticed an orc warrior
   850 | D:6      | Reached skill level 7 in Unarmed Combat
   891 | D:6      | Noticed a sky beast
   899 | D:6      | Killed a sky beast
   899 | D:6      | Reached skill level 2 in Fighting
   899 | D:6      | Reached XP level 7. HP: 65/65 MP: 7/7
   922 | D:6      | Learned a level 2 spell: Blink
  1308 | D:6      | Reached skill level 3 in Fighting
  1308 | D:6      | Reached skill level 8 in Unarmed Combat
  1476 | D:7      | Found a staircase to the Ecumenical Temple.
  1499 | Temple   | Entered the Ecumenical Temple
  1504 | Temple   | Became a worshipper of Makhleb the Destroyer
  1630 | D:8      | Reached skill level 4 in Fighting
  1630 | D:8      | Reached XP level 8. HP: 62/78 MP: 8/8
  1695 | D:8      | Reached skill level 1 in Shields
  1768 | D:9      | Reached skill level 2 in Shields
  1869 | D:8      | HP: 15/78 [orc warrior/mace (20)]
  2010 | D:9      | Found a blossoming altar of Fedhas.
  2063 | D:9      | Noticed a troll
  2099 | D:9      | Noticed a two-headed ogre
  2108 | D:8      | HP: 10/78 [troll (8)]
  2239 | D:8      | Reached skill level 3 in Shields
  2533 | D:8      | Noticed a two-headed ogre
  2621 | D:9      | Reached skill level 9 in Unarmed Combat
  2648 | D:9      | Found a transporter.
  2668 | D:9      | Found a staircase to the Lair.
  2683 | D:10     | Entered Level 10 of the Dungeon
  2700 | D:10     | Found a staircase to the Orcish Mines.
  2732 | D:10     | Reached skill level 2 in Dodging
  2732 | D:10     | Reached skill level 4 in Shields
  2737 | D:10     | Reached * piety under Makhleb
  2749 | D:10     | HP: 15/79 [something (5)]
  2881 | D:10     | Reached XP level 9. HP: 53/85 MP: 9/9
  2924 | D:10     | Reached skill level 5 in Shields
  3098 | D:10     | Reached skill level 3 in Dodging
  3104 | D:10     | Reached skill level 5 in Fighting
  3123 | D:10     | Killed an unseen horror
  3123 | D:10     | Reached skill level 6 in Shields
  3135 | D:10     | Noticed a cyclops
  3195 | D:10     | Noticed a troll
  3354 | D:9      | Killed a troll
  3393 | D:9      | Killed a two-headed ogre
  3393 | D:9      | Reached XP level 10. HP: 73/98 MP: 6/10
  3526 | D:7      | Reached skill level 10 in Unarmed Combat
  3599 | D:9      | Reached skill level 6 in Fighting
  3651 | D:10     | Killed a cyclops
  3686 | D:10     | Gained mutation: Your skin changes colour to match your surroundings (Stealth+). [mutagenic meat]
  3687 | D:10     | Gained mutation: You have a beak for a mouth. [mutagenic meat]
  3688 | D:10     | Gained mutation: You are somewhat resistant to further mutation. [mutagenic meat]
  3815 | D:11     | Noticed a cyclops
  3871 | D:11     | Noticed Maurice
  3884 | D:11     | Reached skill level 7 in Shields
  3897 | D:11     | Killed Maurice
  3925 | D:11     | You fall through a shaft!
  3934 | D:12     | Reached skill level 11 in Unarmed Combat
  3942 | D:12     | Reached ** piety under Makhleb
  4023 | D:11     | Noticed a green ugly thing
  4039 | D:10     | Reached skill level 1 in Invocations
  4100 | D:11     | Killed a green ugly thing
  4100 | D:11     | Reached skill level 2 in Invocations
  4113 | D:11     | Killed a cyclops
  4171 | D:12     | Noticed a deep elf mage
  4178 | D:12     | Killed a deep elf mage
  4178 | D:12     | Reached skill level 7 in Fighting
  4178 | D:12     | Reached skill level 3 in Invocations
  4178 | D:12     | Reached XP level 11. HP: 101/109 MP: 12/12
  4191 | D:12     | Noticed Psyche
  4313 | D:12     | Reached skill level 4 in Invocations
  4345 | D:12     | Reached skill level 4 in Dodging
  4348 | D:12     | Noticed a deep elf mage
  4447 | D:12     | Noticed an eight-headed hydra
  4448 | D:12     | pffff
  4455 | D:12     | right around the corner
  4455 | D:12     | thank god for the stealth
  4497 | D:11     | Reached skill level 5 in Invocations
  4589 | D:11     | Noticed a brown ugly thing
  4605 | D:11     | Killed a purple ugly thing
  4607 | D:11     | i didn't know they can change colors off you if you're mutated
  4607 | D:11     | 1400 or so games total online and offline across all accounts and this is the first time i see this
  4773 | D:11     | Reached *** piety under Makhleb
  4773 | D:11     | Reached skill level 6 in Invocations
  5007 | D:12     | Killed Psyche
  5094 | D:12     | Killed an eight-headed hydra
  5108 | D:12     | Noticed a green ugly thing
  5115 | D:12     | Killed a green ugly thing
  5115 | D:12     | Reached skill level 7 in Invocations
  5137 | D:12     | Noticed Harold
  5217 | D:11     | Killed Harold
  5245 | D:12     | Found Ieitohyw's Incredible Inventory.
  5258 | D:12     | Killed a deep elf mage
  5271 | D:12     | Bought a potion of invisibility for 96 gold pieces
  5271 | D:12     | Bought a scroll of identify for 24 gold pieces
  5318 | D:12     | Reached XP level 12. HP: 119/119 MP: 16/16
  5458 | D:13     | Noticed a centaur warrior
  5460 | D:13     | Noticed a death knight
  5461 | D:13     | Noticed a centaur warrior
  5461 | D:13     | Noticed a yaktaur captain
  5461 | D:13     | Noticed a storm dragon
  5462 | D:13     | Found a transporter.
  5466 | D:13     | Found a transporter.
  5469 | D:13     | Found Eklos's Weapon Shoppe.
  5502 | D:13     | Noticed Gorglomux's ghost (journeyman HOEE)
  5577 | D:13     | Killed Gorglomux's ghost
  5577 | D:13     | Reached skill level 8 in Shields
  5749 | D:14     | Noticed a centaur warrior
  5762 | D:14     | Killed a centaur warrior
  5762 | D:14     | Reached skill level 8 in Fighting
  5766 | D:14     | Reached skill level 12 in Unarmed Combat
  5954 | D:14     | HP: 18/119 [something (9)]
  6022 | D:15     | Entered Level 15 of the Dungeon
  6052 | D:15     | Noticed a two-headed ogre
  6058 | D:15     | Killed a two-headed ogre
  6062 | D:15     | Found an opulent altar of Gozag.
  6151 | D:15     | Noticed a centaur warrior
  6158 | D:15     | Killed a centaur warrior
  6279 | D:15     | Found a frozen archway.
  6375 | IceCv    | Entered an ice cave
  6543 | IceCv    | Reached **** piety under Makhleb
  6543 | IceCv    | Reached skill level 13 in Unarmed Combat
  6677 | IceCv    | Reached skill level 5 in Dodging
  6679 | IceCv    | Reached skill level 9 in Shields
  6849 | IceCv    | Noticed a death yak
  6867 | IceCv    | Killed a death yak
  6867 | IceCv    | Reached skill level 9 in Fighting
  6867 | IceCv    | Reached XP level 13. HP: 96/131 MP: 17/17
  6959 | IceCv    | Noticed a white draconian
  6986 | IceCv    | Killed a white draconian
  6986 | IceCv    | Reached skill level 6 in Dodging
  7042 | IceCv    | Got polished fire dragon scales
  7076 | IceCv    | Identified the +4 fire dragon scales of the Salamander {rPois rF++ rC- Str+5 Int+3} (You found it in an ice cave)
  7076 | IceCv    | rpois!
  7076 | IceCv    | lol
  7327 | D:13     | Learned a level 2 spell: Song of Slaying
  7329 | D:13     | Learned a level 1 spell: Animate Skeleton
  7331 | D:13     | Learned a level 1 spell: Apportation
  7447 | Lair:1   | Entered Level 1 of the Lair of Beasts
  7465 | Lair:1   | Reached skill level 1 in Transmutations
  7658 | Lair:1   | Reached skill level 2 in Transmutations
  7687 | Lair:1   | Noticed Erica
  7694 | Lair:1   | Killed Erica
  7785 | Lair:1   | Noticed Nergalle
  7798 | Lair:1   | Killed Nergalle
  7971 | Lair:1   | where are the stairs man
  8103 | Lair:1   | that's why they're missing
  8103 | Lair:1   | fucking oklob vault
  8130 | Lair:1   | Reached skill level 3 in Transmutations
  8142 | Lair:2   | stupid shit
  8159 | Lair:2   | Reached skill level 7 in Dodging
  8463 | Lair:3   | Found a hole to the Spider Nest.
  8536 | Lair:4   | Reached skill level 4 in Transmutations
  8543 | Lair:4   | Reached ***** piety under Makhleb
  8615 | Lair:4   | Found a labyrinth entrance.
  8624 | Lair:3   | Noticed Snorg
  8630 | Lab      | Entered a labyrinth
  8963 | Lab      | Noticed a minotaur
  8968 | Lab      | Killed a minotaur
  8993 | Lab      | wow this was not worth the time
  9029 | Lair:4   | Reached skill level 10 in Fighting
  9082 | Lair:4   | Reached skill level 5 in Transmutations
  9434 | Lair:4   | Found a staircase to the Shoals.
  9567 | Lair:5   | Reached XP level 14. HP: 143/143 MP: 18/18
  9640 | Lair:5   | Reached skill level 6 in Transmutations
  9885 | Lair:5   | Reached skill level 7 in Transmutations
  9919 | Lair:6   | Entered Level 6 of the Lair of Beasts
 10222 | Lair:6   | Reached skill level 8 in Transmutations
 10675 | Lair:6   | Reached skill level 9 in Transmutations
 10830 | Lair:6   | Found a viscous altar of Jiyva.
 10830 | Lair:6   | Found a staircase to the Slime Pits.
 11019 | D:9      | Found a roughly hewn altar of Beogh.
 11070 | D:9      | Found a transporter.
 11078 | D:9      | Got a bloodstained battleaxe {vamp}
 11084 | D:9      | Identified the +10 battleaxe of Wafaitsolop {vamp, rPois MR- Str-2 Int+8} (You took it off an orc on level 9 of the Dungeon)
 11085 | D:9      | wew lad
 11195 | D:9      | HP: 20/143 [acid (14)]
 11411 | Orc:1    | Entered Level 1 of the Orcish Mines
 11411 | Orc:1    | Found Epiutis's General Store.
 11434 | Orc:1    | Bought a potion of curing for 39 gold pieces
 11439 | Orc:1    | Bought a potion of invisibility for 104 gold pieces
 11575 | Orc:2    | Entered Level 2 of the Orcish Mines
 11696 | Orc:2    | Noticed an orc warlord
 11728 | Orc:2    | Killed an orc warlord
 11840 | Orc:1    | Noticed an orc warlord
 11908 | Orc:2    | Reached skill level 10 in Transmutations
 11910 | Orc:2    | Reached ****** piety under Makhleb
 12368 | Orc:2    | Paralysed by an orc sorcerer for 5 turns
 12502 | Orc:2    | Found a roughly hewn altar of Beogh.
 12544 | Orc:2    | HP: 22/143 [orc warrior/war axe (16)]
 12653 | Orc:2    | Reached XP level 15. HP: 113/149 MP: 19/19
 12674 | Orc:2    | Found Pyziegha's Book Boutique.
 12695 | Orc:2    | Found Fitus's General Store.
 12742 | Orc:2    | Bought a scroll of fear for 49 gold pieces
 12750 | Orc:2    | Found Qoafan's Antique Weapon Boutique.
 12767 | Orc:2    | Found Onoeluh's Antique Armour Boutique.
 12791 | Orc:2    | Bought a smoking hand crossbow for 195 gold pieces
 12791 | Orc:2    | Identified the +9 hand crossbow "Troll's Bane" {freeze, *Contam rN+++ Int-2 Dex+4} (You bought it in a shop on level 2 of the Orcish Mines)
 12792 | Orc:2    | >*contam
 12792 | Orc:2    | well shit
 12835 | Orc:2    | Found a staircase to the Elven Halls.
 12856 | Orc:2    | Bought a book of Transfigurations for 880 gold pieces
 12863 | Orc:2    | Learned a level 6 spell: Statue Form
 13085 | Lair:3   | Reached skill level 1 in Earth Magic
 13157 | Spider:1 | Entered Level 1 of the Spider Nest
 13159 | Spider:1 | Reached skill level 2 in Earth Magic
 13309 | Spider:1 | Reached skill level 2 in Spellcasting
 13316 | Spider:1 | Learned a level 3 spell: Regeneration
 13336 | Spider:1 | Reached skill level 3 in Earth Magic
 13528 | Spider:2 | Reached skill level 4 in Earth Magic
 13598 | Spider:4 | Entered Level 4 of the Spider Nest
 13639 | Spider:4 | Noticed Leszczynek's ghost (journeyman TrSk)
 13639 | Spider:4 | oh hello
 13726 | Spider:2 | Identified a scroll of acquirement
 13739 | Spider:2 | damn son
 13739 | Spider:2 | Got brightly glowing pearl dragon scales
 13806 | Spider:2 | Identified the +4 pearl dragon scales "Moti" {rF+ rC++ rN+} (You acquired it on level 2 of the Spider Nest)
 13806 | Spider:2 | damn!
 13806 | Spider:2 | fuck it's good ;_;
 13861 | Spider:3 | Reached skill level 5 in Earth Magic
 14006 | Spider:4 | Reached skill level 6 in Earth Magic
 14221 | Spider:4 | Reached skill level 7 in Earth Magic
 14280 | Spider:4 | Killed a ghost moth
 14365 | Spider:4 | Reached skill level 8 in Earth Magic
 14567 | Spider:4 | Reached skill level 1 in Translocations
 14608 | Spider:4 | Reached skill level 2 in Translocations
 14644 | Spider:4 | Killed a ghost moth
 14707 | Spider:4 | Reached skill level 9 in Earth Magic
 14741 | Spider:4 | Killed a ghost moth
 14774 | Spider:4 | Got a gossamer rune of Zot
 14871 | Spider:3 | Learned a level 1 spell: Summon Butterflies
 14936 | Lair:3   | statue @ 56
 14936 | Lair:3   | :/
 15052 | Shoals:1 | Entered Level 1 of the Shoals
 15053 | Shoals:1 | this is gonna suck
 15190 | Shoals:2 | Reached XP level 16. HP: 122/158 MP: 20/20
 15253 | Shoals:2 | HP: 26/158 [drowned by a drowned soul[a merfolk avatar] (13)]
 15270 | Shoals:2 | Reached skill level 3 in Spellcasting
 15369 | Shoals:2 | Learned a level 5 spell: Irradiate
 15385 | Shoals:2 | Reached skill level 10 in Earth Magic
 15540 | Shoals:3 | HP: 28/158 [merfolk impaler/trident (18)]
 15555 | Shoals:2 | ...?
 15592 | Shoals:2 | 47
 15648 | Shoals:2 | HP: 25/158 [merfolk impaler/trident of flaming (20)]
 15894 | Shoals:4 | Entered Level 4 of the Shoals
 15895 | Shoals:4 | ...
 15895 | Shoals:4 | well that's really damn nice
 15897 | Shoals:3 | at least i got to exit before getting mesmerized
 16001 | Shoals:3 | Noticed Mara
 16029 | Shoals:2 | well that's pretty grim
 16126 | Shoals:1 | Reached skill level 11 in Earth Magic
 16355 | Shoals:4 | too tired to think now
 16355 | Shoals:4 | this is likely a suicide to play right now
 16355 | Shoals:4 | well it's the next day, time to die
 16528 | Shoals:4 | Reached skill level 1 in Armour
 16784 | Shoals:4 | Reached skill level 2 in Armour
 16801 | Shoals:4 | Noticed a kraken
 16846 | Shoals:4 | Reached skill level 3 in Armour
 16876 | Shoals:4 | Reached skill level 4 in Armour
 16890 | Shoals:4 | Killed a kraken
 16901 | Shoals:4 | Got a barnacled rune of Zot
 16902 | Shoals:4 | good
 16902 | Shoals:4 | i can do it if i play slowly and not like a retard
 16923 | Shoals:4 | Got an ancient great mace {holy}
 16936 | Shoals:4 | Identified the +0 great mace "Lirros" {holy, rC+ Int+3 SInv} (You took it off a merfolk on level 4 of the Shoals)
 17182 | Shoals:1 | Noticed a kraken
 17220 | Lair:4   | well what now
 17220 | Lair:4   | vaults?
 17220 | Lair:4   | ugh
 17230 | Lair:4   | 38%
 17319 | Lair:3   | Killed Snorg
 17793 | D:14     | Reached skill level 12 in Earth Magic
 18221 | D:14     | Found a gate to the Vaults.
 18234 | Vaults:1 | Entered Level 1 of the Vaults
 18283 | Vaults:1 | Noticed Donald
 18319 | Vaults:1 | how is he so fast
 18330 | Vaults:1 | Killed Donald
 18526 | Vaults:1 | HP: 30/158 [something (2)]
 18529 | Vaults:1 | HP: 8/205 [something/shard of ice (25)]
 18757 | Vaults:2 | Reached XP level 17. HP: 160/166 MP: 21/21
 18937 | Vaults:1 | Reached skill level 13 in Earth Magic
 18944 | Vaults:1 | Noticed Aizul
 18962 | Vaults:1 | Killed Aizul
 18962 | Vaults:1 | Reached skill level 11 in Transmutations
 18966 | Vaults:1 | HP: 22/166 [vault warden/battleaxe (35)]
 18967 | Vaults:1 | sure, just hit me for !! or !!! every turn
 18967 | Vaults:1 | that's fair
 18972 | Vaults:1 | HP: 19/166 [poisoned by Aizul (poison arrow)]
 18979 | Vaults:1 | HP: 22/166 [poisoned by Aizul (poison arrow)]
 18986 | Vaults:1 | HP: 27/166 [poisoned by Aizul (poison arrow)]
 19529 | Vaults:2 | Paralysed by a hornet for 3 turns
 19895 | Vaults:2 | Paralysed by a great orb of eyes for 4 turns
 19905 | Vaults:2 | Reached skill level 4 in Spellcasting
 20129 | Vaults:2 | 21%
 20841 | Vaults:3 | Reached skill level 14 in Earth Magic
 20845 | Vaults:3 | Found Qujisty's Food Shoppe.
 21014 | Vaults:3 | 17
 21014 | Vaults:3 | fuck it
 21014 | Vaults:3 | let's roll with it
 21188 | Vaults:3 | Reached skill level 12 in Transmutations
 21296 | Vaults:3 | Noticed a Brimstone Fiend
 21493 | Vaults:4 | Reached XP level 18. HP: 174/174 MP: 21/24
 21734 | Vaults:3 | Reached skill level 5 in Spellcasting
 21778 | Vaults:3 | Reached skill level 15 in Earth Magic
 21839 | Vaults:3 | 11% is fine, right
 21839 | Vaults:3 | it won't fuck me over, right
 22034 | Vaults:4 | Noticed a lich
 22046 | Vaults:4 | Cast into level 3 of the Abyss (a lich)
 22297 | Abyss:3  | Noticed a Hell Sentinel
 22318 | Abyss:3  | three exits deeper
 22318 | Abyss:3  | thanks
 22337 | Abyss:3  | Found a corrupted altar of Lugonu.
 22408 | Vaults:4 | Escaped the Abyss
 22415 | Vaults:4 | Killed a lich
 22460 | Vaults:4 | Reached skill level 14 in Unarmed Combat
 22467 | Vaults:4 | Reached skill level 8 in Dodging
 22582 | Vaults:4 | i don't stand any chance in v5, right?
 22582 | Vaults:4 | not with this mr
 22934 | Vaults:3 | Found a staircase to the Crypt.
 22978 | Vaults:3 | Reached skill level 11 in Fighting
 22999 | Vaults:3 | Reached XP level 19. HP: 185/185 MP: 22/25
 23338 | Elf:1    | Entered Level 1 of the Elven Halls
 23550 | D:13     | i can take this on now
 23550 | D:13     | MAYBE
 23561 | D:13     | Reached skill level 15 in Unarmed Combat
 23602 | D:13     | scarf of repulsion, good for elf
 23607 | D:13     | for a lot of things really
 23622 | D:13     | bad rings
 23626 | D:13     | and potion of agility
 23626 | D:13     | okay
 23894 | Elf:1    | Noticed a Tzitzimitl
 23922 | Elf:1    | HP: 37/243 [Ice Fiend/bolt of cold[a deep elf demonologist] (33)]
 23924 | Elf:1    | HP: 17/243 [Ice Fiend[a deep elf demonologist] (6)]
 23924 | Elf:1    | HP: 6/243 [Ice Fiend[a deep elf demonologist] (11)]
 23957 | Elf:1    | rrrrright
 23988 | Elf:2    | Reached skill level 9 in Dodging
 24251 | Elf:3    | Entered Level 3 of the Elven Halls
 24253 | Elf:3    | fuck
 24253 | Elf:3    | completely opposite places
 24253 | Elf:3    | bazaar and wizlab
 24253 | Elf:3    | i have 1385 gold, i'd prefer bazaar
 24253 | Elf:3    | but which is which?
 24328 | Elf:3    | Found a magical portal.
 24405 | Elf:3    | Found a flickering gateway to a bazaar.
 24428 | Bazaar   | Entered a bazaar
 24428 | Bazaar   | Found Sanui's General Store.
 24428 | Bazaar   | Found Mussi's Weapon Shoppe.
 24428 | Bazaar   | Found Rothaiv's Antique Armour Shop.
 24428 | Bazaar   | Found Haisu's Magic Scroll Shoppe.
 24430 | Bazaar   | Found Nocrik Letei's Gadget Shop.
 24430 | Bazaar   | Found Keojeirgh's Gadget Emporium.
 24452 | Bazaar   | Bought a scroll of enchant weapon for 67 gold pieces
 24452 | Bazaar   | Bought a scroll of holy word for 67 gold pieces
 24452 | Bazaar   | Bought a scroll of teleportation for 27 gold pieces
 24452 | Bazaar   | Bought a scroll of identify for 18 gold pieces
 24452 | Bazaar   | Bought a scroll of magic mapping for 31 gold pieces
 24452 | Bazaar   | Bought a scroll of magic mapping for 31 gold pieces
 24452 | Bazaar   | Bought a scroll of fog for 18 gold pieces
 24465 | Bazaar   | Bought an ichor-stained large shield for 218 gold pieces
 24465 | Bazaar   | Identified the +4 large shield of Yesterday {*Corrode rElec MR+} (You bought it in a shop in a bazaar)
 24466 | Bazaar   | ehhhhhhhhh
 24466 | Bazaar   | corrode
 24471 | Bazaar   | Bought a sack of spiders for 280 gold pieces
 24476 | Bazaar   | Bought a box of beasts for 180 gold pieces
 24476 | Bazaar   | Bought a box of beasts for 180 gold pieces
 24476 | Bazaar   | Bought a phantom mirror for 270 gold pieces
 24577 | WizLab   | Entered Lehudib's Moon Base
 24578 | WizLab   | hmm
 24578 | WizLab   | i dunno, what's here?
 24578 | WizLab   | some mutation iirc
 24660 | WizLab   | Paralysed by accursed screaming for 1 turns
 24660 | WizLab   | HP: 32/243 [stone giant[a glowing orange brain] (21)]
 24680 | Elf:3    | fuck it
 24779 | Elf:3    | Reached skill level 16 in Unarmed Combat
 24868 | Elf:3    | 13 tp scrolls
 24868 | Elf:3    | not bad, i think
 24868 | Elf:3    | but the level layout is horrible for doing the vault
 24963 | Elf:3    | Cast into level 2 of the Abyss (a deep elf demonologist)
 25029 | Elf:3    | Escaped the Abyss
 25110 | Elf:3    | Reached skill level 1 in Necromancy
 25241 | Elf:3    | Reached skill level 10 in Dodging
 25285 | Elf:3    | Reached skill level 2 in Necromancy
 25289 | Elf:3    | Reached skill level 12 in Fighting
 25296 | Elf:3    | Got an ancient silver ring
 25327 | Elf:3    | Noticed a Brimstone Fiend
 25361 | Elf:3    | Cast into level 2 of the Abyss (a deep elf demonologist)
 25362 | Abyss:2  | haven't i been here before
 25392 | Abyss:2  | Reached skill level 3 in Charms
 25400 | Abyss:2  | Found a corrupted altar of Lugonu.
 25591 | Abyss:2  | Reached skill level 3 in Necromancy
 25591 | Abyss:2  | Reached XP level 20. HP: 198/198 MP: 26/26
 25683 | Elf:3    | Escaped the Abyss
 25742 | Elf:3    | Cast into level 2 of the Abyss (a deep elf demonologist)
 25743 | Abyss:2  | come on
 25769 | Abyss:2  | do i learn aura of abjuration?
 25775 | Abyss:2  | Learned a level 5 spell: Aura of Abjuration
 25798 | Abyss:2  | Identified the ring of the Duke {+Inv rElec Dex-4 Stlth-} (You took it off a deep elf death mage on level 3 of the Elven Halls)
 25799 | Abyss:2  | it's shit
 25922 | Abyss:2  | Reached skill level 4 in Necromancy
 26011 | Abyss:2  | 8% miscasts twice
 26011 | Abyss:2  | thanks, i didnt need that scroll
 26060 | Elf:3    | Escaped the Abyss
 26111 | Elf:3    | Reached skill level 4 in Charms
 26168 | Elf:3    | yesssssssssss
 26168 | Elf:3    | ring of the mage
 26168 | Elf:3    | yes plz
 26211 | Elf:3    | Reached skill level 5 in Necromancy
 26350 | Elf:3    | Reached skill level 3 in Translocations
 26396 | Elf:3    | Learned a level 4 spell: Passage of Golubria
 26452 | Elf:3    | well, at least i have MR now
 26452 | Elf:3    | and that's the end of good news
 26810 | Crypt:1  | Entered Level 1 of the Crypt
 26811 | Crypt:1  | let's raid the stash here first
 26861 | Crypt:1  | 10 magic mapping btw
 26861 | Crypt:1  | and 15 TPs
 26953 | Crypt:2  | Reached skill level 1 in Conjurations
 26953 | Crypt:2  | Reached skill level 4 in Translocations
 27010 | Crypt:2  | Noticed Boris
 27016 | Crypt:2  | Killed Boris
 27088 | Crypt:3  | Entered Level 3 of the Crypt
 27105 | Crypt:3  | Reached skill level 2 in Conjurations
 27156 | Crypt:3  | Reached skill level 5 in Translocations
 27234 | Crypt:3  | Noticed a bone dragon
 27250 | Crypt:3  | HP: 21/198 [something (20)]
 27347 | Crypt:3  | Killed a bone dragon
 27367 | Crypt:2  | Reached skill level 3 in Conjurations
 27398 | Crypt:3  | Reached skill level 6 in Translocations
 27406 | Crypt:3  | Noticed an ancient lich
 27406 | Crypt:3  | Noticed an ancient lich
 27407 | Crypt:3  | Noticed an ancient lich
 27434 | Crypt:3  | Killed an ancient lich
 27440 | Crypt:3  | Killed an ancient lich
 27440 | Crypt:3  | Reached XP level 21. HP: 206/206 MP: 23/27
 27471 | Crypt:3  | Reached skill level 17 in Unarmed Combat
 27492 | Crypt:3  | Reached skill level 7 in Translocations
 27494 | Crypt:3  | Killed an ancient lich
 27494 | Crypt:3  | Reached skill level 4 in Conjurations
 27504 | Crypt:3  | nothing here
 27590 | Vaults:3 | that's it then
 27590 | Vaults:3 | time for v5
 27680 | Vaults:5 | Entered Level 5 of the Vaults
 27683 | Vaults:5 | ...what?
 27752 | Vaults:5 | Got a silver rune of Zot
 27753 | Vaults:5 | well, that's it
 27753 | Vaults:5 | but i'd really like to check other places
 27753 | Vaults:5 | i have no damn resistances
 27834 | Vaults:5 | Reached skill level 8 in Translocations
 27894 | Vaults:5 | Reached skill level 5 in Conjurations
 28175 | Vaults:5 | Reached skill level 6 in Necromancy
 28276 | Vaults:5 | Reached skill level 18 in Unarmed Combat
 28298 | Vaults:5 | Reached XP level 22. HP: 214/214 MP: 23/28
 28300 | Vaults:5 | Got a steaming graven amulet
 28301 | Vaults:5 | Identified the amulet of Obuahisch {+Rage MR+ Str+4} (You took it off a tengu reaver on level 5 of the Vaults)
 28302 | Vaults:5 | hm
 28312 | Vaults:5 | Noticed an ancient lich
 28319 | Vaults:5 | Killed an ancient lich
 28319 | Vaults:5 | Reached skill level 10 in Shields
 28438 | Vaults:5 | Identified the Catalogue of Supportive Evil
 28460 | Vaults:5 | Learned a level 2 spell: Passwall
 28478 | Vaults:5 | Identified Uzxacah's Volume of Bewitching Changing
 28564 | Vaults:5 | Reached skill level 7 in Necromancy
 28632 | Vaults:5 | Reached skill level 11 in Shields
 28690 | Vaults:5 | HP: 53/278 [Tzitzimitl[a deep elf demonologist] (5)]
 28690 | Vaults:5 | Gained mutation: You are dopey. (Int -2) [a neqoxec]
 28691 | Vaults:5 | HP: 26/278 [Executioner[a deep elf demonologist] (5)]
 28691 | Vaults:5 | HP: 10/278 [Tzitzimitl/bolt of negative energy[a deep elf demonologist] (9)]
 28691 | Vaults:5 | HP: 2/278 [Executioner[a deep elf demonologist] (8)]
 28697 | Vaults:5 | Killed from afar by a shadow dragon

Vault maps used:
D:1:      dpeg_arrival_water_temple_mockup
D:3:      kennysheep_slugbush, uniq_natasha
D:4:      gammafunk_temple_overflow_pools, serial_shops, shop, st_stairs_7,
          hangedman_abyss_or_decor_lesser_grid
D:5:      first_bread, sword_in_stone
D:7:      temple_fountains, eino_tiny_chamber
D:9:      gammafunk_beogh_shrine, minmay_lair_entry_lava, serial_shops,
          kennysheep_little_box, introduction_to_nature_1
D:10:     orc_0_dummy
D:11:     hangedman_ranch, uniq_maurice, uniq_sonja
D:12:     grunt_ministairs_3, nicolae_alphabet_shops, uniq_psyche, uniq_harold
D:13:     gammafunk_sealed_arena, serial_shops, shop
D:14:     david_vaults_5, minmay_variable_closet, minmay_liquid_box,
          minmay_bent, uniq_rupert, uniq_azrael
D:15:     grunt_enter_depths_snipers, nicolae_dithmenos_the_darkroom,
          basic_altar, serial_glass, glass_columns_b, glass_columns_b,
          portal_ice_cave_entry_ice_beasts, hangedman_devilish_allure
Temple:   regret_index_temple_chain_breaker
Lair:1:   dpeg_oklob_gauntlet, minivault_11, hibernation_bobbens, uniq_erica,
          uniq_nergalle
Lair:2:   uniq_fannar
Lair:3:   spider_nest_entry_a, nicolae_quartered_pool_medium,
          serial_bayou_pond_c, cheibrodos_lair_lostbears, uniq_snorg
Lair:4:   shoals_dummy_entry, special_room, lab_entry_generic
Lair:6:   due_jungle_book, dpeg_slime_entry_enclosed_altar
Shoals:1: ldierk_geyser, nicolae_shoals_flooded_hall
Shoals:3: cheibrodos_shoals_satyrical_garden, serial_shops,
          nicolae_shop_behind_doors, kb_tengu_band, uniq_mara
Shoals:4: shoals_end_hangedman, shoals_ilsuiw_ice,
          nicolae_shoals_siren_and_animal_friends
Spider:2: hangedman_spider_tarantella_strand, uniq_kirke
Spider:4: grunt_spider_rune_circles, special_room
Orc:1:    serial_shops, shop
Orc:2:    grunt_orc_cross, special_room
Elf:1:    eino_elf_arrival_altar, orc_legates, grunt_ministairs_4, uniq_louise
Elf:2:    serial_shops, shop, minivault_5
Elf:3:    elf_hall, serial_shops, bzr_entry_gold, mu_enter_wizlab_6
Vaults:1: nicolae_vaults_little_squares_3, vaults_mumra_chevron,
          hangedman_vaults_hat, v_misc_32, nicolae_vaults_little_squares_2,
          v_alt_pattern_6, ontoclasm_vaults_decontamination,
          vaults_room_hangedman_quadrants, vaults_dpeg_encased_lava,
          serial_glass, uniq_donald, uniq_aizul
Vaults:2: st_octagons_2, vaults_room_door_hall, v_misc_33,
          nicolae_vaults_circle_grid_a, ontoclasm_vaults_shuriken, v_pattern_2,
          serial_ice_h, vaults_room_pools, vaults_room_corners,
          vaults_room_fours
Vaults:3: vaults_room_hallway, vaults_room_fours,
          nicolae_vaults_stairing_the_circle,
          nicolae_vaults_windows_and_doors_thing,
          hangedman_vaults_corner_blocks, v_rooms_1, v_misc_26, v_misc_12,
          nicolae_vaults_diagonal_hallway_7, minmay_crypt_entry_simple_box,
          vaults_dpeg_hooks, serial_shops, nicolae_shop_behind_doors
Vaults:4: nicolae_vaults_network_quinsquares, ontoclasm_vaults_spin,
          hangedman_vaults_unwind, v_misc_5, nicolae_vaults_little_squares_5,
          vaults_room_corners, v_misc_12, ontoclasm_vaults_shout,
          grunt_vaults_hallway_short, nicolae_vaults_little_squares_4,
          nicolae_vaults_little_squares_5, vaults_room_pools, vaults_room_pools
Crypt:1:  minmay_misc_feat_ornament, roderic_lattice_octagonal_star,
          grunt_crypt_arrival_guarded_gate
Crypt:2:  minivault_24, uniq_boris
Crypt:3:  david_glass_crypt, nicolae_tomb_entry_rubble_hallway,
          grunt_megastairs_3, basic_stair_grate_trap
Abyss:3:  hangedman_grunt_abyss_rune_horror_hoard, gammafunk_corrupted_shrine,
          hangedman_abyss_monster_moat
Lab:      nicolae_lab_dead_adventurers
Bazaar:   bazaar_minmay_generic_island
IceCv:    ice_cave_caverns_01
WizLab:   wizlab_lehudib

Skill      XL: |  1  2  3  4  5  6  7  8  9 10 11 12 13 14 15 16 17 18 19 20 21 22 |
---------------+-------------------------------------------------------------------+-----
Unarmed Combat | 3 4 5 6 7 8 9 11 13 14 16 18 | 18.0
Fighting       | 2 4 5 7 9 10 11 12 | 12.0
Shields        | 4 6 7 9 11 | 11.1
Dodging        | 2 3 4 5 7 8 10 | 10.4
Invocations    | 3 7 |  7.7
Transmutations | 5 10 12 | 12.0
Earth Magic    | 9 12 14 15 | 15.0
Spellcasting   | 2 3 4 5 |  5.2
Translocations | 2 6 8 |  8.4
Armour         | 4 |  4.5
Necromancy     | 3 5 6 7 |  7.4
Charms         | 3 4 |  4.4
Conjurations   | 3 5 |  5.1

Action                   |  1- 3 |  4- 6 |  7- 9 | 10-12 | 13-15 | 16-18 | 19-21 | 22-24 || total
-------------------------+-------+-------+-------+-------+-------+-------+-------+-------++-------
Melee: Unarmed           |    67 |    86 |   282 |   696 |  1504 |  1830 |  1059 |   114 ||  5638
       Punch             |     1 |     3 |     5 |       |       |       |       |       ||     9
       Headbutt          |       |     4 |       |       |       |       |       |       ||     4
       Peck              |       |       |       |   116 |   360 |   392 |   181 |    22 ||  1071
       Scimitar          |       |       |       |       |    36 |       |       |       ||    36
Throw: Tomahawk          |       |       |       |       |    22 |       |       |       ||    22
       Large rock        |       |       |       |       |    37 |     3 |     1 |       ||    41
 Cast: Shroud of Golubri |       |     1 |     8 |     7 |     1 |       |       |       ||    17
       Beastly Appendage |       |     1 |       |       |       |       |       |       ||     1
       Apportation       |       |       |       |       |     8 |    12 |    10 |       ||    30
       Statue Form       |       |       |       |       |       |    34 |    72 |     6 ||   112
       Regeneration      |       |       |       |       |       |     2 |     6 |     1 ||     9
Invok: Lesser Servant of |       |       |       |     5 |    28 |    25 |     1 |       ||    59
       Minor Destruction |       |       |       |     3 |    43 |    29 |       |       ||    75
Evoke: Wand              |       |       |     1 |     6 |     3 |     1 |     6 |       ||    17
       Lamp of fire      |       |       |       |       |       |     2 |     2 |     1 ||     5
  Use: Scroll            |       |       |     4 |     6 |    19 |    21 |    12 |     3 ||    65
       Potion            |       |       |       |     1 |     6 |    12 |     3 |     2 ||    24
 Stab: Sleeping          |     1 |       |     1 |     2 |       |       |     2 |       ||     6
       Confused          |       |       |       |     1 |       |       |       |       ||     1
       Distracted        |       |       |       |     2 |     4 |     6 |     1 |       ||    13
       Invisible         |       |       |       |       |     2 |     5 |       |       ||     7
  Eat: Chunk             |     9 |     4 |    24 |    44 |    81 |   102 |    78 |     8 ||   350
       Fruit             |       |       |       |       |       |       |    20 |     3 ||    23
Armor: Robe              |    19 |    19 |    55 |     2 |       |       |       |       ||    95
       Troll leather arm |       |       |       |   157 |    13 |    12 |    11 |       ||   193
       Fire dragon scale |       |       |       |       |   522 |    99 |       |       ||   621
       Pearl dragon scal |       |       |       |       |       |   309 |       |       ||   309
       Skin              |       |       |       |       |       |   281 |   567 |    79 ||   927
Dodge: Dodged            |    40 |    39 |   100 |   220 |   687 |   800 |   637 |    75 ||  2598
       Deflected         |       |       |       |       |       |       |    40 |     3 ||    43
Block: Shield            |       |       |    31 |   307 |   823 |   838 |   722 |    95 ||  2816
       Reflection        |       |       |       |       |       |       |    26 |     1 ||    27
       Rpst.: Scimitar   |       |       |       |       |     1 |       |       |       ||     1

Table legend:
 A = Spawn XP
 B = Non-spawn XP
 C = Spawn XP percentage of total XP
 D = Spawn monster count
 E = Non-spawn monster count
 F = Spawn count percentage of total count
 G = Total turns spent on level
                    A         B        C        D         E        F      G
               +---------+---------+-------+---------+---------+-------+---------
         Total |   81210 |  672191 |  10.8 |     183 |    1274 |  12.6 | 28697
               +---------+---------+-------+---------+---------+-------+---------
           D:1 |       0 |       3 |   0.0 |       0 |       2 |   0.0 |    38
           D:2 |       0 |      16 |   0.0 |       0 |       4 |   0.0 |    76
           D:3 |       0 |      34 |   0.0 |       0 |      11 |   0.0 |   152
           D:4 |       0 |      53 |   0.0 |       0 |      10 |   0.0 |   185
           D:5 |      45 |     323 |  12.2 |       1 |      14 |   6.7 |   349
           D:6 |       0 |     561 |   0.0 |       0 |      23 |   0.0 |   438
           D:7 |       0 |     502 |   0.0 |       0 |      14 |   0.0 |   474
           D:8 |      84 |     939 |   8.2 |       3 |      11 |  21.4 |   535
           D:9 |    1489 |    1982 |  42.9 |      13 |      40 |  24.5 |  1278
          D:10 |     622 |    2856 |  17.9 |       5 |      16 |  23.8 |  1056
          D:11 |       0 |    7460 |   0.0 |       0 |      38 |   0.0 |   879
          D:12 |      42 |    6703 |   0.6 |       1 |      39 |   2.5 |   804
          D:13 |     219 |   12015 |   1.8 |       3 |      21 |  12.5 |   765
          D:14 |     767 |   11919 |   6.0 |       2 |      39 |   4.9 |   960
          D:15 |     777 |    4253 |  15.4 |       2 |      21 |   8.7 |   547
        Lair:1 |     147 |    6575 |   2.2 |       1 |      21 |   4.5 |   876
        Lair:2 |     153 |    1826 |   7.7 |       1 |       6 |  14.3 |   271
        Lair:3 |    1343 |    3968 |  25.3 |       5 |      15 |  25.0 |   581
        Lair:4 |     444 |    5420 |   7.6 |       1 |      31 |   3.1 |   624
        Lair:5 |       0 |   10490 |   0.0 |       0 |      26 |   0.0 |   469
        Lair:6 |    2488 |   13832 |  15.2 |      11 |      27 |  28.9 |   899
      Shoals:1 |    1529 |    2129 |  41.8 |       3 |       8 |  27.3 |   308
      Shoals:2 |    2204 |   12309 |  15.2 |       6 |      28 |  17.6 |   712
      Shoals:3 |       0 |    6515 |   0.0 |       0 |      14 |   0.0 |   394
      Shoals:4 |       0 |   15037 |   0.0 |       0 |      26 |   0.0 |   753
      Spider:1 |       0 |    6853 |   0.0 |       0 |      21 |   0.0 |   359
      Spider:2 |       0 |    3233 |   0.0 |       0 |      13 |   0.0 |   201
      Spider:3 |       0 |    5125 |   0.0 |       0 |      13 |   0.0 |   214
      Spider:4 |     361 |   29160 |   1.2 |       1 |      52 |   1.9 |   994
         Orc:1 |     129 |     474 |  21.4 |       1 |      10 |   9.1 |   379
         Orc:2 |     962 |   11013 |   8.0 |      13 |      62 |  17.3 |  1439
         Elf:1 |     517 |   14262 |   3.5 |       1 |      29 |   3.3 |   230
         Elf:2 |       0 |   15118 |   0.0 |       0 |      22 |   0.0 |   288
         Elf:3 |    3982 |   76303 |   5.0 |       5 |      73 |   6.4 |  1381
      Vaults:1 |     278 |   20902 |   1.3 |       1 |      27 |   3.6 |  1130
      Vaults:2 |    2550 |   37854 |   6.3 |       7 |      63 |  10.0 |  1556
      Vaults:3 |   20059 |   45552 |  30.6 |      34 |      67 |  33.7 |  1379
      Vaults:4 |    7250 |   25238 |  22.3 |       6 |      32 |  15.8 |   622
      Vaults:5 |    5676 |  132114 |   4.1 |       6 |     109 |   5.2 |  1017
       Crypt:1 |       0 |    8366 |   0.0 |       0 |      20 |   0.0 |   154
       Crypt:2 |    3777 |   19136 |  16.5 |       3 |      25 |  10.7 |   298
       Crypt:3 |    3811 |   60769 |   5.9 |       5 |      30 |  14.3 |   327
       Abyss:2 |    9392 |   10087 |  48.2 |      20 |      22 |  47.6 |   653
       Abyss:3 |   10113 |    6324 |  61.5 |      22 |      23 |  48.9 |   415
           Lab |       0 |    1002 |   0.0 |       0 |       1 |   0.0 |   371
         IceCv |       0 |   12269 |   0.0 |       0 |      51 |   0.0 |   702
        WizLab |       0 |    3317 |   0.0 |       0 |       4 |   0.0 |   102
               +---------+---------+-------+---------+---------+-------+---------
